Map: [ESL] Altitude

Players

MaNa

  • Race: Protoss Protoss
  • Spawn Location: 7:00

Hellraiser - Winner!

  • Race: Protoss Protoss
  • Spawn Location: 1:00

Event: ESL SC2 Masters 2023 Summer (Regionals)

VOD

Have the link to the VOD?

Description

Time

  • Played on: May 4, 2023, 12:49 p.m.
  • Length: 10:14

All games in this series

Show
View Real Time Build Order
Export as new Build Order

MaNa Protoss 

Build Orders: Phoenix Opening 

Get SALT Encoding   

  12  0:00  Probe  
  13  0:12  Probe  
  14  0:19  Pylon  
  14  0:24  Probe  
  15  0:37  Probe (Chrono Boost)  
  15  0:39  Gateway  
  16  0:46  Probe (Chrono Boost)  
  16  0:47  Assimilator  
  17  0:52  Probe (Chrono Boost)  
  18  1:04  Probe (Chrono Boost)  
  19  1:05  Assimilator  
  19  1:12  Probe (Chrono Boost)  
  19  1:15  Gateway  
  19  1:18  Probe  
  21  1:26  Cybernetics Core  
  21  1:30  Probe  
  22  1:41  Pylon  
  22  1:42  Probe  
  23  1:59  Probe  
  24  2:02  Stalker  
  24  2:03  Warp Gate  
  26  2:08  Sentry  
  26  2:12  Pylon  
  28  2:17  Probe  
  33  2:45  Stargate  
  33  2:46  Stalker  
  33  2:50  Probe  
  31  2:54  Stalker  
  33  3:02  Probe  
  34  3:14  Probe  
  33  3:20  Nexus  
  33  3:26  Probe  
  34  3:28  Phoenix (Chrono Boost)  
  36  3:40  Probe  
  37  3:41  Twilight Council  
  37  3:50  Pylon  
  37  3:52  Probe  
  37  4:04  Probe  
  38  4:10  Adept x2  
  38  4:11  Blink (Chrono Boost)  
  38  4:16  Probe  
  43  4:28  Probe  
  44  4:34  Stalker  
  44  4:35  Stalker  
  44  4:38  Probe  
  49  4:41  Probe  
  50  4:50  Probe  
  51  4:53  Probe  
  50  5:01  Stalker x2  
  50  5:05  Probe x2  
  54  5:17  Probe  
  54  5:18  Oracle  
  54  5:19  Gateway  
  54  5:20  Gateway  
  58  5:23  Shield Battery  
  58  5:27  Stalker  
  60  5:31  Stalker  
  62  5:37  Pylon  
  62  5:48  Pylon  
  62  5:55  Stalker x2  
  62  5:56  Probe x2  
  68  6:06  Nexus  
  68  6:12  Assimilator  
  68  6:16  Stalker x2  
  72  6:20  Pylon  
  72  6:23  Stalker  
  74  6:27  Stalker  
  76  6:33  Pylon  
  76  6:43  Stalker  
  76  6:44  Stalker  
  49  7:11  Stalker x2  
  38  8:10  Probe (Chrono Boost)  
  37  8:18  Stalker  
  40  8:20  Probe (Chrono Boost)  
  40  8:24  Probe (Chrono Boost)  
  41  8:36  Probe  
  34  8:48  Probe  
  33  8:59  Stalker x2  
  33  9:00  Probe  
  38  9:13  Probe  
  27  9:44  Probe (Chrono Boost)  
  22  9:54  Probe (Chrono Boost)  
  23  10:00  Probe  
Show
View Real Time Build Order
Export as new Build Order

Hellraiser Protoss - Winner!

Build Orders: Oracle Opening 

Get SALT Encoding   

  12  0:01  Probe  
  13  0:13  Probe  
  14  0:18  Pylon  
  14  0:25  Probe (Chrono Boost)  
  15  0:37  Probe (Chrono Boost), Gateway  
  16  0:43  Probe (Chrono Boost)  
  16  0:46  Assimilator  
  17  0:51  Probe  
  17  0:55  Assimilator  
  18  1:03  Probe (Chrono Boost)  
  19  1:09  Gateway  
  19  1:14  Probe (Chrono Boost)  
  20  1:19  Probe  
  21  1:26  Cybernetics Core  
  21  1:31  Probe  
  22  1:37  Pylon  
  22  1:44  Probe  
  23  1:56  Probe  
  24  2:02  Stalker  
  24  2:04  Adept  
  28  2:10  Stargate  
  29  2:17  Warp Gate  
  29  2:22  Shield Battery  
  28  2:23  Probe  
  30  2:37  Probe  
  29  2:47  Pylon  
  29  2:48  Shield Battery  
  29  2:49  Probe  
  30  3:01  Probe  
  30  3:03  Oracle (Chrono Boost)  
  34  3:15  Probe  
  33  3:20  Nexus  
  33  3:27  Probe  
  34  3:32  Shield Battery  
  34  3:36  Oracle  
  34  3:40  Probe  
  38  3:47  Pylon  
  38  3:52  Probe  
  39  3:56  Twilight Council  
  39  4:05  Probe (Chrono Boost)  
  39  4:07  Stalker  
  42  4:14  Probe (Chrono Boost)  
  43  4:19  Probe (Chrono Boost)  
  44  4:25  Gateway  
  44  4:29  Blink (Chrono Boost)  
  44  4:31  Probe  
  45  4:38  Probe  
  45  4:43  Probe  
  47  4:50  Probe  
  47  4:51  Stalker x2  
  52  4:55  Probe  
  51  5:02  Probe  
  51  5:05  Pylon  
  52  5:08  Probe  
  53  5:14  Stalker x2  
  53  5:20  Stalker  
  59  5:29  Nexus  
  59  5:32  Probe  
  59  5:35  Probe  
  61  5:39  Stalker  
  61  5:40  Stalker  
  65  5:44  Probe  
  65  5:47  Probe, Stalker  
  69  5:54  Pylon  
  69  5:59  Pylon  
  69  6:01  Probe  
  70  6:05  Assimilator  
  70  6:12  Stalker x3  
  70  6:17  Forge  
  76  6:19  Probe x2  
  78  6:31  Probe x2  
  80  6:34  Pylon  
  80  6:35  Stalker  
  80  6:37  Stalker  
  80  6:39  Stalker  
  86  6:41  Probe  
  86  6:43  Probe x2  
  88  7:02  Stalker  
  88  7:03  Stalker x2  
  94  7:13  Pylon  
  87  7:16  Pylon  
  83  7:26  Probe  
  81  7:31  Pylon  
  64  7:37  Shield Battery  
  64  7:38  Shield Battery  
  64  7:39  Shield Battery  
  64  7:41  Pylon  
  64  7:48  Gateway x2  
  57  8:05  Probe  
  46  8:08  Probe  
  47  8:12  Pylon  
  47  8:15  Probe  
  47  8:17  Probe  
  48  8:20  Probe  
  48  8:23  Pylon  
  43  8:43  Stalker  
  41  8:51  Stalker x3  
  47  8:55  Probe  
  47  8:56  Probe  
  47  9:00  Probe  
  47  9:10  Probe  
  47  9:13  Probe  
  47  9:20  Stalker  
  47  9:22  Stalker  
  49  9:25  Probe  
  45  9:31  Probe  
  42  9:39  Probe (Chrono Boost)  
  42  9:42  Probe (Chrono Boost)  
  42  9:44  Probe (Chrono Boost)  
  41  9:48  Stalker  
  41  9:51  Probe (Chrono Boost)  
  45  9:54  Probe (Chrono Boost)  
  45  9:57  Probe (Chrono Boost)  
  45  9:59  Probe (Chrono Boost)  
  47  10:00  Probe (Chrono Boost)  
  47  10:02  Probe (Chrono Boost)  
Tags
 
Add a new tag
Caveats
  • Supply blocks, unpowered buildings, or Contaminate may cause inaccurate times.
  • Supply counts are checked every 10 seconds.